 Dungeon Crawl Stone Soup version 0.30-a0-777-ga9a30cbeda (webtiles) character file.

Game seed: 9005084418213690995

16 tilp the Covered (level 3, 24/31 HPs)
             Began as a Meteoran Fighter on Feb 13, 2023.
             Quit the game on level 3 of the Dungeon.
             The game lasted 00:01:33 (365 turns).

tilp the Covered (Meteoran Fighter)                  Turns: 365, Time: 00:01:33

Health: 24/31      AC:  7    Str: 18    XL:     3   Next: 0%
Magic:  4/4        EV:  9    Int: 11    God:
Gold:   14         SH:  5    Dex: 13    Spells: 2/2 levels left

rFire   . . .      SeeInvis .    a - +0 long sword
rCold   . . .      Faith    .    c - +0 buckler
rNeg    . . .      Spirit   .    b - +0 scale mail
rPois   .          Reflect  .    (no helmet)
rElec   .          Harm     .    (no cloak)
rCorr   .          Rampage  .    (no gloves)
Will    .....                    (no boots) Stlth
                                 (no amulet)
HPRegen 0.25/turn                (no ring)
MPRegen 0.09/turn                (no ring)

@: glowing
A: sense surroundings 1, otherworldly, glowing, explore regen
a: no special abilities


You were on level 3 of the Dungeon.
You visited 1 branch of the dungeon, and saw 3 of its levels.

You collected 14 gold pieces.

Inventory:

Hand Weapons
 a - a +0 long sword (weapon)
Armour
 b - a +0 scale mail (worn)
 c - a +0 buckler (worn)
Scrolls
 e - a scroll of teleportation
 h - a scroll of enchant weapon {unknown}
Potions
 d - a potion of might
 f - a potion of curing {unknown}


   Skills:
 + Level 3.3 Fighting
 * Level 2.7 Long Blades
 + Level 3.7 Armour
 * Level 1.1 Dodging
 * Level 0.6 Stealth
 + Level 3.7 Shields


You had 2 spell levels left.
You didn't know any spells.
Your spell library was empty.

Dungeon Overview and Level Annotations

Branches:
Dungeon (3/15) Zot: 1421

Altars:


Innate Abilities, Weirdness & Mutations

You passively map a small area around you.
You are easily found by Zot.
You glow in the dark.
You regain HP and MP as you explore.


Message History

There is a stone staircase leading down here.
You see here a +0 ring mail.
There is a stone staircase leading down here.
You climb downwards.
There is a stone staircase leading up here.
Unknown command.
As you read the scroll labelled XAIDOH SUSMEAT, it crumbles to dust.
You feel strangely unstable.
It was a scroll of teleportation.
Unknown command.
As you read the scroll labelled LIULAD GUIKA, it crumbles to dust.
You feel aware of your surroundings.
It was a scroll of magic mapping.
Unknown command.
You start waiting.
Your surroundings suddenly seem different.
A goblin comes into view. It is wielding a +0 club.
The goblin shouts!
You closely miss the goblin. The goblin hits you with a +0 club.
You closely miss the goblin. The goblin hits you but does no damage.
You hit the goblin.
The goblin is severely wounded.
The goblin hits you with a +0 club. The goblin barely misses you.
You barely miss the goblin.
The goblin is severely wounded.
The goblin hits you but does no damage.
You hit the goblin but do no damage.
The goblin is severely wounded.
You block the goblin's attack.
You closely miss the goblin.
The goblin is severely wounded.
The goblin hits you with a +0 club. You block the goblin's attack.
You barely miss the goblin.
The goblin is severely wounded.
The goblin hits you but does no damage.
You slash the goblin!
You kill the goblin!
You have reached level 3!
Your experience leads to an increase in your attributes!
Increase (S)trength, (I)ntelligence, or (D)exterity?
You feel clever. x2; You feel stronger.
Are you sure you want to abandon this character and quit the game? (Confirm with "yes".)

*,**,* *,,**,**,,,**,,*
*,**,***,,*,*,,8,,**,,*
*,,,,,,,,,****,,8,,*,,*
****,***,,**,,,,,,,,,,*
*,* **,**,,***,,*,**
*,* *,*,,*,*##,*,*
*,****,,,####.##*,*
*,**,..###.....##.#
**,**,#.....)@.....#
****,,,*,######.###.###
,,,,,,,,,,,,,...,,**,*
****,,,*****###.*,*,**
**,** ##,,,** *,*
***,***** *,* *,,,,,,,*
**+** *,,,,,,,* **,,,**
*,,,***,*


There were no monsters in sight!

Vanquished Creatures
  A worm (D:2)
  A dart slug (D:2)
  4 endoplasms
  A hobgoblin (D:2)
  A quokka (D:2)
  A ball python (D:2)
  A frilled lizard (D:2)
  A goblin (D:3)
11 creatures vanquished.

Notes
Turn   | Place    | Note
-------+----------+-------------------------------------------
     0 | D:1      | tilp the Meteoran Fighter began the quest for the Orb.
     0 | D:1      | Reached XP level 1. HP: 19/19 MP: 2/2
   164 | D:2      | Reached XP level 2. HP: 20/26 MP: 3/3
   194 | D:2      | Reached skill level 1 in Dodging
   365 | D:3      | Reached XP level 3. HP: 24/31 MP: 4/4
   365 | D:3      | Quit the game

Illustrated notes

Levels and vault maps discovered:
D:1:      sevenhm_arrival_forest_fort_small_6, layout_loops_ring,
          minmay_misc_feat_five
D:2:      layout_basic, kennysheep_donut
D:3:      layout_loops_corners, guppyfry_early_orc_mine

Skill      XL: |  1  2 |
---------------+-------+-----
Dodging        | 1 |  1.1
Fighting       | |  3.3
Long Blades    | |  2.7
Armour         | |  3.7
Stealth        | |  0.6
Shields        | |  3.7

Action                     || total
---------------------------++-------
  Melee: Long sword        ||    43
    Use: Scroll            ||     2
 Armour: Scale mail        ||    24
  Dodge: Dodged            ||    12
  Block: Buckler           ||    11

Table legend: (Time is in decaauts)
 A = Elapsed time spent in this place.
 B = Non-inter-level travel time spent in this place.
 C = Inter-level travel time spent in this place.
 D = Time resting spent in this place.
 E = Time spent auto-exploring this place.
 F = Levels seen in this place.
 G = Mean time per level.
                   A        B        C        D        E       F      G
               +--------+--------+--------+--------+--------+-----+--------+
         Total |    378 |    312 |     66 |      2 |      0 |   3 |  126.0 |
       Dungeon |    378 |    312 |     66 |      2 |      0 |   3 |  126.0 |
               +--------+--------+--------+--------+--------+-----+--------+

Top non-repeatable levels by time:
     D:2: 297 daAuts
     D:3: 40 daAuts
     D:1: 40 daAuts
